 Dungeon Crawl Stone Soup version 0.31-a0-1496-g79c7dd0eeb (webtiles) character file.

Game seed: 14143704842397906192

3915406 Iwannabefree the Eclecticist (level 25, 280/280 HPs)
             Began as a Demonspawn Artificer on Dec 29, 2023.
             Was the Champion of Ashenzari.
             Escaped with the Orb
             ... and 5 runes
             ... and 1 gem!
             The game lasted 02:54:21 (53166 turns).

Iwannabefree the Eclecticist (DsAr)                Turns: 53166, Time: 02:54:22

Health: 280/280    AC: 34    Str: 15    XL:     25   Next: 68%
Magic:  49/49      EV: 23    Int: 25    God:    Ashenzari [******]
Gold:   2862       SH: 16    Dex: 19    Spells: 1/68 levels left

rFire   + + .        w - +9 demon whip "Share My Dismay" {elec, Sorc, Comp} (curse)
rCold   + + .        C - +2 kite shield "Gnosis of Ashenzari" {AC+3, Sorc, Range} (curse)
rNeg    + . .        X - +4 fire dragon scales "Sublime Vision" {rF++ rC-, Cun, Elem} (curse)
rPois   +            c - +2 helmet of the Cryptic Dismay {Int+3, Dev, Cun} (curse)
rElec   +            v - +1 cloak of the Wild Blue Yonder {rPois, Sorc, Cun} (curse)
rCorr   .            G - +1 pair of gloves of Ashenzari's Malaise {rElec rC+, Comp, Elem} (curse)
SInv    +            (boots unavailable)
Will    +++..        u - amulet of Ashenzari's Sorrow {Regen+, Melee, Self} (curse)
Stlth   ++           g - ring of the Cursed Empyrean {rPois rF+ EV+5 Int+3 Dex+3, Self, Sorc} (curse)
HPRegen 1.46/turn    b - ring "Polytheism of Ashenzari" {rF- rC+ rN+ Will++, Elem, Melee} (curse)
MPRegen 0.31/turn

%: clarity
@: studying 3 skills
A: hooves 3, thin metallic scales 3, powered by death 3, robust 3, spiny 2, cold
resistance 1, subdued magic 1, MP-powered wands, persistent drain
0: Orb of Zot
}: 5/15 runes: barnacled, slimy, silver, abyssal, gossamer
a: Renounce Religion, Shatter the Chains


You escaped.
You worshipped Ashenzari.
Ashenzari was exalted by your worship.
You visited 12 branches of the dungeon, and saw 56 of its levels.
You visited the Abyss 2 times.
You also visited: Gauntlet, Ice Cave and Volcano.

You collected 10460 gold pieces.
You spent 7598 gold pieces at shops.

Inventory:

Hand Weapons
 w - the cursed +9 demon whip "Share My Dismay" (weapon) {elec, Sorc, Comp}
   (You took it off an orc on level 7 of the Dungeon)

   It has a curse which improves the following skills: Sorcery: Conjurations and
   Alchemy.
   Companions: Summonings and Necromancy.
 E - a +2 demon trident of draining
Missiles
 l - 4 throwing nets
Armour
 c - the cursed +2 helmet of the Cryptic Dismay (worn) {Int+3, Dev, Cun}
   (You found it on level 5 of the Pits of Slime)

   It has a curse which improves the following skills: Devices: Evocations and
   Shapeshifting.
   Cunning:   Dodging and Stealth.
 v - the cursed +1 cloak of the Wild Blue Yonder (worn) {rPois, Sorc, Cun}
   (You bought it in a shop on level 4 of the Dungeon)

   It has a curse which improves the following skills: Sorcery: Conjurations and
   Alchemy.
   Cunning:   Dodging and Stealth.
 C - the cursed +2 kite shield "Gnosis of Ashenzari" (worn) {AC+3, Sorc, Range}
   (You took it off a tengu warrior on level 4 of the Depths)

   It has a curse which improves the following skills: Sorcery: Conjurations and
   Alchemy.
   Ranged Combat: Ranged Weapons and Throwing.
 G - the cursed +1 pair of gloves of Ashenzari's Malaise (worn) {rElec rC+, Comp, Elem}
   (You found it in a Gauntlet)

   rC+:       It protects you from cold.
   rElec:     It insulates you from electricity.
   It has a curse which improves the following skills: Companions: Summonings
   and Necromancy.
   Elements:  Fire Magic, Ice Magic, Air Magic and Earth Magic.
 K - a +2 cloak of stealth
 X - the cursed +4 fire dragon scales "Sublime Vision" (worn) {rF++ rC-, Cun, Elem}
   (You found it on level 15 of the Dungeon)

   rF++:      It greatly protects you from fire.
   rC-:       It makes you vulnerable to cold.
   It has a curse which improves the following skills: Cunning: Dodging and
   Stealth.
   Elements:  Fire Magic, Ice Magic, Air Magic and Earth Magic.
Jewellery
 b - the cursed ring "Polytheism of Ashenzari" (right hand) {rF- rC+ rN+ Will++, Elem, Melee}
   (You found it on level 3 of the Crypt)

   [ring of positive energy]

   rF-:       It makes you vulnerable to fire.
   rC+:       It protects you from cold.
   rN+:       It protects you from negative energy.
   Will++:    It greatly increases your willpower.
   It has a curse which improves the following skills: Elements: Fire Magic, Ice
   Magic, Air Magic and Earth Magic.
   Melee Combat: Short Blades, Long Blades, Axes, Maces & Flails, Polearms,
   Staves and Unarmed Combat.
 g - the cursed ring of the Cursed Empyrean (left hand) {rPois rF+ EV+5 Int+3 Dex+3, Self, Sorc}
   (You bought it in a shop on level 1 of the Depths)

   [ring of evasion]

   EV+5:      It affects your evasion (+5).
   Int+3:     It affects your intelligence (+3).
   Dex+3:     It affects your dexterity (+3).
   rF+:       It protects you from fire.
   rPois:     It protects you from poison It has a curse which improves the
   following skills: Introspection: Fighting and Spellcasting.
   Sorcery:   Conjurations and Alchemy.
 u - the cursed amulet of Ashenzari's Sorrow (around neck) {Regen+, Melee, Self}
   (You found it on level 9 of the Dungeon)

   [amulet of regeneration]

   Regen+:    It increases your rate of health regeneration.
   It has a curse which improves the following skills: Melee Combat: Short
   Blades, Long Blades, Axes, Maces & Flails, Polearms, Staves and Unarmed
   Combat.
   Introspection: Fighting and Spellcasting.
 x - the amulet of Vuz Heru {Faith Harm}
   (You found it on level 5 of the Vaults)

   [amulet of faith]

   Faith:     It allows you to gain divine favour quickly.
   Harm:      It increases damage dealt and taken.
 B - the ring of Buod Haq {rF+ Will+++ Int-3}
   (You found it on level 5 of the Pits of Slime)

   [ring of protection from fire]

   Int-3:     It affects your intelligence (-3).
   rF+:       It protects you from fire.
   Will+++:   It greatly increases your willpower.
Wands
 d - a wand of digging (14)
 n - a wand of paralysis (68)
 P - a wand of acid (38)
 R - a wand of iceblast (28)
Scrolls
 a - 18 scrolls of teleportation
 h - a scroll of enchant weapon
 j - 11 scrolls of vulnerability
 m - 5 scrolls of amnesia
 o - 9 scrolls of blinking
 t - 3 scrolls of butterflies
 y - a scroll of torment
 z - 6 scrolls of noise
 D - 3 scrolls of fear
 O - 4 scrolls of poison
 Q - 2 scrolls of silence
 S - 4 scrolls of immolation
 U - 3 scrolls of brand weapon
 W - 2 scrolls of revelation
Potions
 e - 10 potions of enlightenment
 f - 8 potions of heal wounds
 k - 7 potions of attraction
 p - a potion of berserk rage
 q - 24 potions of curing
 r - 7 potions of mutation
 s - 2 potions of ambrosia
 F - 10 potions of resistance
 H - 3 potions of invisibility
 I - 5 potions of magic
 J - 2 potions of cancellation
 L - 8 potions of might
 N - 13 potions of haste
 V - 8 potions of brilliance
 Z - 3 potions of lignification
Miscellaneous
 A - a tin of tremorstones (2/2)
 M - a lightning rod (4/4)
 T - a phial of floods


   Skills:
 - Level 18.3(21.6) Fighting
 - Level 1.2(3.3) Long Blades
 - Level 12.7(16.2) Maces & Flails
 + Level 16.6 Armour
 - Level 13.6(18.3) Dodging
 - Level 8.2(12.9) Stealth
 - Level 13.8 Shields
 - Level 19.1(22.4) Spellcasting
 - Level 7.8(13.4) Conjurations
 - Level 5.5 Hexes
 + Level 10.1(13.7) Summonings
 - Level 17.8(21.2) Necromancy
 + Level 14.1 Translocations
 - Level 1.7(4.8) Fire Magic
 - Level 6.3(10.9) Earth Magic
 - Level 8.7(14.4) Alchemy
 - Level 3.0(5.1) Evocations


You had one spell level left.
You knew the following spells:

 Your Spells              Type           Power      Damage    Failure   Level
a - Enfeeble              Hex            21%        N/A       99%         7
b - Eringya's Noxious Bo  Alch           33%        4d6       2%          6
c - Manifold Assault      Tloc           66%        N/A       1%          4
d - Ignite Poison         Fire/Alch      55%        N/A       1%          4
e - Infestation           Necr           40%        N/A       7%          8
f - Malign Gateway        Summ/Tloc      33%        N/A       19%         7
g - Passage of Golubria   Tloc           66%        N/A       1%          4
i - Irradiate             Conj/Alch      33%        3d22      1%          5
j - Yara's Violent Unrav  Hex/Alch       28%        3d12      2%          5
k - Blink                 Tloc           100%       N/A       0%          2
l - Lesser Beckoning      Tloc           100%       N/A       0%          2
n - Borgnjor's Vile Clut  Necr/Erth      35%        N/A       1%          5
o - Apportation           Tloc           100%       N/A       0%          1
p - Passwall              Erth           59%        N/A       1%          3
u - Dispel Undead         Necr           80%        3d26      0%          4

Your spell library contained the following spells:

 Spells                   Type           Power      Damage    Failure   Level
 Magic Dart               Conj           100%       1d8       0%          1
 Necrotise                Necr           100%       1d9       0%          1
 Sting                    Conj/Alch      100%       1d9       0%          1
 Summon Small Mammal      Summ           100%       N/A       0%          1
 Foxfire                  Conj/Fire      100%       2x1d9     1%          1
 Sandblast                Erth           100%       2d20      1%          1
 Slow                     Hex            100%       N/A       1%          1
 Freeze                   Ice            96%        1d10      4%          1
 Sublimation of Blood     Necr           80%        N/A       0%          2
 Fugue of the Fallen      Necr           80%        N/A       0%          3
 Vampiric Draining        Necr           80%        2d11      0%          3
 Animate Dead             Necr           80%        N/A       0%          4
 Call Imp                 Summ           100%       N/A       1%          2
 Cigotuvi's Dreadful Rot  Necr/Alch/Air  100%       N/A       1%          2
 Jinxbite                 Hex            84%        N/A       1%          2
 Mercury Vapours          Alch/Air       100%       N/A       1%          2
 Searing Ray              Conj           100%       2d8       1%          2
 Call Canine Familiar     Summ           65%        N/A       1%          3
 Confusing Touch          Hex            42%        N/A       1%          3
 Gell's Gravitas          Tloc           66%        N/A       1%          3
 Inner Flame              Hex/Fire       41%        N/A       1%          3
 Mephitic Cloud           Conj/Alch/Air  55%        N/A       1%          3
 Sigil of Binding         Hex            42%        N/A       1%          3
 Stone Arrow              Conj/Erth      100%       3d13      1%          3
 Teleport Other           Tloc           66%        N/A       1%          3
 Tukima's Dance           Hex            42%        N/A       1%          3
 Anguish                  Hex/Necr       32%        N/A       1%          4
 Animate Armour           Summ/Erth      100%       N/A       1%          4
 Brom's Barrelling Bould  Conj/Erth      62%        2d8       1%          4
 Dimensional Bullseye     Hex/Tloc       28%        N/A       1%          4
 Flame Wave               Conj/Fire      54%        2d13      1%          4
 Fulminant Prism          Conj/Alch      33%        3d16      1%          4
 Iskenderun's Mystic Bla  Conj/Tloc      65%        2d13      1%          4
 Leda's Liquefaction      Alch/Erth      31%        N/A       1%          4
 Martyr's Knell           Necr/Summ      73%        N/A       1%          4
 Olgreb's Toxic Radiance  Alch           67%        N/A       1%          4
 Petrify                  Alch/Erth      63%        N/A       1%          4
 Sticky Flame             Fire/Alch      55%        2d10      1%          4
 Alistair's Intoxication  Alch           44%        N/A       1%          5
 Iskenderun's Battlesphe  Conj           65%        2d11      1%          5
 Lee's Rapid Deconstruct  Erth           29%        3d15*     1%          5
 Summon Forest            Summ/Tloc      33%        N/A       1%          5
 Death Channel            Necr           40%        N/A       1%          6
 Ensorcelled Hibernation  Hex/Ice        66%        N/A       2%          2
 Fireball                 Conj/Fire      27%        3d12      3%          5
 Haunt                    Necr/Summ      36%        N/A       3%          7
 Cause Fear               Hex            21%        N/A       6%          4
 Bombard                  Conj/Erth      31%        9d6       6%          6
 Borgnjor's Revivificati  Necr           40%        N/A       7%          8
 Frozen Ramparts          Ice            48%        1d8       14%         3
 Ozocubu's Armour         Ice            24%        N/A       14%         3
 Swiftness                Air            24%        N/A       14%         3
 Summon Hydra             Summ           32%        N/A       19%         7
 Spellforged Servitor     Conj/Summ      32%        N/A       21%         7
 Starburst                Conj/Fire      27%        6d9       22%         6
 Freezing Cloud           Conj/Ice/Air   20%        6-21      24%         5
 Metabolic Englaciation   Hex/Ice        16%        N/A       47%         5
 Summon Horrible Things   Summ           32%        N/A       85%         8
 Lehudib's Crystal Spear  Conj/Erth      31%        10d8      97%         8
 Plasma Beam              Fire/Air       16%        2x1d27    98%         6
 Ozocubu's Refrigeration  Ice            12%        4d10      100%        7
 Dragon's Call            Summ           32%        N/A       100%        9
 Polar Vortex             Ice            12%        12d1*     100%        9


Dungeon Overview and Level Annotations

Branches:
Dungeon (15/15)            Temple (1/1) D:4            Lair (5/5) D:9
 Shoals (4/4) Lair:2       Spider (4/4) Lair:3        Slime (5/5) Lair:4
    Orc (2/2) D:9             Elf (3/3) Orc:2        Vaults (5/5) D:13
  Crypt (3/3) Vaults:3       Tomb (0/3) Crypt:3      Depths (4/4) D:15
    Zot (5/5) Depths:4      IceCv (visited)         Volcano (visited)
Gauntlet (visited)

Altars:
Ashenzari
Cheibriados
Dithmenos
Fedhas
Gozag
Hepliaklqana
Kikubaaqudgha
Makhleb
Nemelex Xobeh
Okawaru
Qazlal
Ru
Sif Muna
Trog
Uskayaw
Vehumet
Wu Jian
Xom
Yredelemnul
Jiyva
Lugonu

Shops:
D:4 :[   D:8 *   D:9 (   D:10 **   D:14 (   Orc:1 (=:*   Orc:2 :(*[
Elf:2 ?[(*   Shoals:2 [   Shoals:3 =   Vaults:2 (   Depths:1 =:=

Portals:
Hell: Depths:1 Depths:2 Depths:3 Depths:4
Abyss: Shoals:1 Depths:2 Depths:3
Pandemonium: Depths:2
Ziggurat: Depths:1
Trove: Elf:3 (give +7 demon trident)

Annotations:
Lair:1 1 runed translucent door
Shoals:1 1 runed translucent door
Elf:2 2 runed translucent doors


Innate Abilities, Weirdness & Mutations

You have hooves in place of feet.
You are completely covered in thin metallic scales. (AC +4, rElec)
You regenerate a lot of health from kills.
You are extremely robust. (+30% HP)
You are mostly covered in sharp spines.
Your flesh is cold resistant. (rC+)
Your spells are a little easier to cast, but a little less powerful.
You expend magic power (3 MP) to strengthen your wands.
Your health recovers twice as slowly from being drained.


Message History

Casting: Lesser Beckoning (safe; 0% risk of failure)
Confirm with . or Enter, or press ? or * to list all spells.
You erupt in a fountain of uncontrolled magic!
The hellion is blasted with magical radiation!!!
You kill the hellion!
You are very lightly contaminated with residual magic.
Unknown command.
No target in view!
A sixfirhy comes into view.
You block the sixfirhy's attack.
There is a stone staircase leading up here.
You block the sixfirhy's attack. The sixfirhy barely misses you.
You climb upwards.
There is a stone staircase leading down here.
You barely miss the sixfirhy. You kick the sixfirhy!
The sixfirhy is lightly wounded.
You completely miss the sixfirhy.
You kick the sixfirhy, but do no damage.
The sixfirhy is lightly wounded.
You hit the sixfirhy. Your kick misses the sixfirhy.
The sixfirhy is lightly wounded.
You whack the sixfirhy! Your kick misses the sixfirhy.
The sixfirhy is heavily wounded.
You block the sixfirhy's attack. x2
You whack the sixfirhy! You kick the sixfirhy.
The sixfirhy is almost dead.
The sixfirhy hits you but does no damage.
You block the sixfirhy's attack.
You hit the sixfirhy. You kick the sixfirhy.
You kill the sixfirhy!
What level of the Dungeon? (default 1, ? - help) Magic restored.
Your magical contamination has completely faded away.
There is a stone staircase leading up here.
You see here a +0 dagger.
You climb upwards.
There is a stone staircase leading down here.
There is a stone staircase leading up here.
You climb upwards.
There is a stone staircase leading down here.
There is an open door here.
You see here a +1 broad axe of flaming.
There is an open door, spattered with blood here.
There is a stone staircase leading up here.
You climb upwards.
There is a stone staircase leading down here.
There is an open door here.
There is a stone staircase leading up here.
You climb upwards.
There is a stone staircase leading down here.
There is a stone staircase leading up here.
You climb upwards.
There is a stone staircase leading down here.
There is a stone staircase leading up here.
You climb upwards.
There is a stone staircase leading down here.
There is a stone staircase leading up here.
You climb upwards.
There is a stone staircase leading down here.
There is a stone staircase leading up here.
You climb upwards.
There is a stone staircase leading down here.
There is a stone staircase leading up here.
You climb upwards.
There is a stone staircase leading down here.
Casting: Irradiate (mildly dangerous; 1% risk of failure)
Confirm with . or Enter, or press ? or * to list all spells.
Okay, then.
Aiming: Dig
Press: ? - help, Shift-Dir - straight line A rock wall.
This square is covered in magical glow.
You feel a surge of power!
The rock shatters into small pieces.
Aiming: Dig
Press: ? - help, Shift-Dir - straight line A rock wall.
This square is covered in magical glow.
You feel a surge of power!
The rock shatters into small pieces.
There is a staircase leading out of the dungeon here.
You have escaped!

.# #.#
#.#.####
#.....
.####.#
####.#P#*
#.....
...##.#
##.#,*
#.....
...##.###
####.##**
######
...##...#
*#P#.## #
....###.#
*,#.#### #
###.# #.#
**##.#P#*
....# #.#
##.#,*
#######.##
#@##**
.........#
###
##########


There were no monsters in sight!

Vanquished Creatures
  the Royal Jelly (Slime:5)
  Khufu (Crypt:1)
  3 ancient liches
  Mara (Vaults:3)
  3 orbs of fire (Zot:5)
  A juggernaut (Depths:3)
  2 royal mummies (Crypt:1)
  Josephina (Depths:4)
  Sojobo (Vaults:3)
  Bai Suzhen (Vaults:3)
  3 Killer Klowns (Zot:5)
  12 golden dragons
  A profane servitor (Crypt:3)
  The ghost of t4s4d4r the Phalangite, an adept FoFi of Gozag (Vaults:3)
  A bone dragon (Crypt:3)
  8 tentacled monstrosities
  An electric golem (Zot:5)
  A Hell Sentinel (Abyss:3)
  An iron giant (Depths:3)
  A walking divine tome (Depths:4)
  10 liches
  14 Orb Guardians (Zot:5)
  A walking crystal tome (Depths:3)
  2 deep elf master archers (Elf:3)
  2 titans (Vaults:5)
  2 quicksilver dragons
  17 acid blobs
  2 deep elf blademasters (Elf:3)
  6 sphinxes
  4 death cobs
  Polyphemus (Shoals:2)
  6 ancient champions
  Kirke (Lair:5)
  4 storm dragons
  8 shadow dragons
  Aizul (Shoals:4)
  3 revenants
  Donald (Shoals:3)
  14 rockslimes
  7 fire giants
  Ilsuiw (Shoals:3)
  6 azure jellies
  2 draconian monks (Zot:5)
  6 tengu reavers
  6 emperor scorpions
  3 draconian scorchers
  6 frost giants
  A draconian shifter (Zot:1)
  3 ghost moths
  19 vault wardens
  4 deep elf sorcerers
  2 ghouls
  Louise (Depths:2)
  3 spriggan defenders
  A balrug (Abyss:3)
  4 deep elf elementalists
  A reaper (Crypt:2)
  9 very ugly things
  17 ironbound preservers
  2 curse skulls
  A draconian annihilator (Depths:4)
  A draconian stormcaller (Zot:4)
  6 quicksilver oozes
  A formless jellyfish (Vaults:2)
  9 stone giants
  4 broodmothers
  5 ironbound thunderhulks
  9 deep elf death magi
  4 vampire knights
  5 deep elf annihilators (Elf:3)
  2 lorocyprocas
  9 deep elf demonologists
  4 black draconians
  5 war gargoyles
  5 white draconians
  A green draconian (Zot:4)
  3 minotaurs
  5 dire elephants (Vaults:1)
  2 purple draconians
  2 yellow draconians (Depths:4)
  A blizzard demon (Abyss:1)
  2 eidola (Crypt:2)
  12 spark wasps
  The ghost of AceOff the Blocker, a journeyman FoFi of Qazlal (Lair:2)
  6 fire dragons
  A green death (Depths:2)
  8 ettins
  4 merfolk javelineers
  8 entropy weavers
  20 jiangshi
  4 deep elf high priests
  15 yaktaur captains
  A quicksilver dragon zombie (Crypt:2)
  2 merfolk impalers (Shoals:3)
  3 spectral spriggans
  6 ice dragons
  5 hydras
  3 catoblepae
  35 vault guards
  4 ogre magi
  6 spriggan air magi
  5 great orbs of eyes
  A jorogumo (Spider:4)
  2 hell beasts
  2 spriggan zombies (Crypt:2)
  A juggernaut simulacrum (Depths:4)
  2 peacekeepers
  8 ironbound frosthearts
  Erica (D:8)
  4 merfolk avatars
  3 radroaches
  2 merfolk aquamancers
  10 centaur warriors
  4 death knights
  An alligator snapping turtle (Shoals:2)
  5 starcursed masses (Abyss:3)
  2 deep troll shamans
  11 death yaks
  6 demonic crawlers
  8 two-headed ogres
  7 boulder beetles
  13 satyrs (Shoals:4)
  A hell hog (Depths:3)
  10 deep troll earth magi
  6 tengu warriors
  25 dancing weapons
  6 orc high priests
  7 vampire magi
  2 occultists
  3 thrashing horrors
  2 spriggans (Depths:4)
  10 sun demons
  2 spriggan berserkers
  10 hell knights
  4 skysharks
  4 soul eaters
  7 deep elf knights (Elf:2)
  6 iron trolls
  A sixfirhy (D:10)
  6 pharaoh ants
  2 wretched stars
  45 deep trolls
  40 skeletal warriors
  5 shadow wraiths
  A bunyip skeleton (Crypt:1)
  An anaconda zombie (Crypt:2)
  5 large abominations
  8 sea snakes
  A glowing orange brain (Depths:4)
  3 sun moths
  4 flayed ghosts
  7 phantasmal warriors
  A lindwurm (shapeshifter) (Vaults:5)
  2 orange crystal statues
  5 arcanists
  13 orb spiders
  A fenstrider witch simulacrum (Crypt:2)
  3 spriggan simulacra
  The ghost of flestrin the Cleaver, a novice MiFi of Qazlal (D:6)
  3 lindwurms
  9 deep elf archers
  23 deep elf zephyrmancers
  An obsidian statue (D:12)
  An anaconda skeleton (Crypt:2)
  15 ironbound convokers
  A golden dragon skeleton (Vaults:4)
  28 deep elf pyromancers
  25 harpies
  8 steelbarb worms
  7 orc knights
  2 shadow dragon skeletons
  10 necromancers
  5 cyclopes
  24 wolf spiders
  8 manticores
  9 ugly things
  3 orc sorcerers
  3 oklob plants
  2 shining eyes
  An alligator skeleton (Crypt:2)
  A worldbinder (Abyss:3)
  A spectral alligator snapping turtle (Crypt:2)
  21 elephants
  Maurice (D:7)
  26 fauns
  4 eyes of devastation
  11 merfolk sirens
  12 moths of wrath
  A meliai (shapeshifter) (D:13)
  24 vault sentinels
  An ice statue (Elf:1)
  2 apocalypse crabs (Shoals:1)
  12 meliai
  2 torpor snails
  A water nymph (Shoals:4)
  An alligator snapping turtle zombie (Crypt:2)
  2 titan simulacra (Depths:4)
  5 black mambas
  A centaur skeleton (Crypt:2)
  13 cane toads
  4 smoke demons
  A yellow draconian zombie (Crypt:1)
  2 hellions
  An elf skeleton (Vaults:4)
  An unseen horror (D:11)
  A minotaur zombie (Crypt:1)
  A rime drake (Lair:5)
  Maggie (D:8)
  11 komodo dragons
  4 tengu conjurers
  5 efreet
  5 swamp worm zombies (Crypt:1)
  A redback zombie (Crypt:2)
  Jeremiah (D:6)
  Psyche (D:8)
  A minotaur skeleton (Crypt:1)
  An anaconda simulacrum (IceCv)
  22 yaktaurs
  6 freezing wraiths
  A bunyip simulacrum (Crypt:2)
  A death drake zombie (Crypt:1)
  A harpy zombie (Crypt:3)
  A shadow dragon simulacrum (Crypt:2)
  A spectral harpy (Crypt:2)
  A golden dragon simulacrum (Depths:4)
  A polar bear (shapeshifter) (Abyss:3)
  A hellwing (D:11)
  4 trolls
  8 hornets
  7 wind drakes
  23 merfolk
  28 tarantellas
  4 alligator simulacra
  3 raiju (Abyss:3)
  10 snapping turtles
  3 glass eyes
  22 jumping spiders
  22 blink frogs
  55 slime creatures
  2 ettin zombies (Crypt:2)
  2 air elementals
  A slime creature zombie (Crypt:2)
  24 culicivoras
  2 shadows (Crypt:3)
  A wyvern (D:9)
  A naga simulacrum (Crypt:2)
  13 water elementals
  10 wraiths
  33 yaks
  2 ynoxinuls (Abyss:1)
  4 fire elementals
  4 hogs (Lair:5)
  A tyrant leech zombie (Crypt:2)
  A black mamba skeleton (Crypt:2)
  2 fire bats (Depths:3)
  3 golden eyes (Slime:4)
  A human (Lair:1)
  3 basilisks
  A warg (Orc:1)
  57 redbacks
  11 vampire mosquitoes
  A harpy simulacrum (IceCv)
  A glowing shapeshifter zombie (Vaults:4)
  A neqoxec (Abyss:3)
  A hydra simulacrum (Crypt:2)
  A swamp worm (shapeshifter) (Depths:4)
  A catoblepas simulacrum (Crypt:2)
  2 acid dragons
  A spatial vortex (Abyss:3)
  A two-headed ogre zombie (Crypt:2)
  10 water moccasins
  2 sky beasts (D:6)
  2 swamp drakes (D:10)
  An ice beast (shapeshifter) (D:15)
  5 black bears
  45 orc warriors
  2 ettin simulacra (IceCv)
  3 ice beasts
  A sky beast (shapeshifter) (D:14)
  4 boggarts
  3 ogres
  22 wolves
  8 centaurs
  17 laughing skulls
  A tengu (shapeshifter) (Elf:3)
  A lindwurm skeleton (Crypt:1)
  A phantom (D:5)
  A brain worm (Abyss:1)
  4 weeping skulls
  4 kobold brigands
  6 human zombies (Vaults:4)
  13 bullfrogs
  2 earth elementals
  2 gnoll sergeants
  4 necrophages (Crypt:3)
  3 small abominations
  A glowing shapeshifter simulacrum (Depths:4)
  4 scorpions
  4 burial acolytes (Crypt:3)
  A wight (D:5)
  A polar bear zombie (Crypt:1)
  7 killer bees (D:9)
  A lindwurm simulacrum (IceCv)
  2 electric eels (Spider:4)
  2 howler monkeys
  37 orc priests
  3 gnoll boudas
  2 hounds
  5 jellies
  Crazy Yiuf (D:2)
  Jessica (D:2)
  3 iguanas
  Terence (D:2)
  13 hell rats (Lair:4)
  26 orc wizards
  2 sleepcaps
  Natasha (thrice) (D:2)
  A mummy (Crypt:1)
  31 gnolls
  9 adders
  2 white imps
  3 worms
  4 dart slugs
  109 orcs
  10 bats
  10 endoplasms
  5 giant cockroaches
  4 goblins (D:2)
  9 hobgoblins
  5 jackals
  2 quokkas
  4 ball pythons
  A bombardier beetle zombie (Crypt:1)
  16 frilled lizards
  A goblin zombie (Crypt:1)
  30 kobolds
  A quokka zombie (Crypt:2)
  6 rats
  A lurking horror (Abyss:3)
2173 creatures vanquished.

Vanquished Creatures (collateral kills)
  An orb of fire (Zot:5)
  Xtahua (Depths:4)
  An electric golem (Zot:1)
  7 Orb Guardians (Zot:5)
  A tentacled monstrosity (Zot:1)
  A walking crystal tome (Depths:3)
  An acid blob (Slime:5)
  An Executioner (Abyss:3)
  A balrug (Zot:5)
  3 very ugly things (Abyss:3)
  2 stone giants (Depths:4)
  A black draconian (Zot:1)
  A yellow draconian (Zot:4)
  2 fire dragons
  2 ice dragons (Depths:4)
  2 great orbs of eyes (Slime:5)
  3 spriggan air magi
  A deep troll earth mage (Depths:4)
  2 deep troll shamans (Depths:4)
  A thrashing horror (Abyss:1)
  An occultist (Depths:2)
  3 sun demons
  A hell knight (Volcano)
  A soul eater (Abyss:1)
  2 wretched stars (Abyss:3)
  4 deep trolls (Depths:4)
  A spatial maelstrom (Abyss:3)
  2 large abominations
  A spriggan rider (Depths:2)
  A steelbarb worm (shapeshifter) (Depths:2)
  An orc knight (Orc:2)
  2 moths of wrath (Zot:4)
  2 meliai (Abyss:3)
  A smoke demon (Abyss:1)
  A komodo dragon (Lair:2)
  2 tengu conjurers (Depths:4)
  A queen bee (Abyss:3)
  4 starcursed masses (Abyss:3)
  6 golden eyes (Slime:5)
  3 spatial vortices (Abyss:3)
  2 small abominations
  2 orc priests (Orc:2)
  An orc (Orc:2)
80 creatures vanquished.

Vanquished Creatures (others)
  An eldritch tentacle (Zot:5)
  A ghost moth (Spider:2)
  An occultist (Depths:2)
  A hell knight (Vaults:5)
  A deep elf knight (Elf:2)
  A deep elf zephyrmancer (Elf:1)
  A faun (Shoals:2)
  A yaktaur (Vaults:3)
  3 humans
  247 foxfires
258 creatures vanquished.

Grand Total: 2511 creatures vanquished

Notes
Turn   | Place    | Note
-------+----------+-------------------------------------------
     0 | D:1      | Iwannabefree the Demonspawn Artificer began the quest for
                  | the Orb.
     0 | D:1      | Reached XP level 1. HP: 15/15 MP: 1/1
   211 | D:1      | Reached skill level 1 in Maces & Flails
   265 | D:1      | Gained mutation: You are partially covered in sharp spines.
                  | [demonic ancestry]
   265 | D:1      | Reached XP level 2. HP: 21/21 MP: 2/2
   578 | D:1      | Gained mutation: You have large cloven feet. [demonic
                  | ancestry]
   578 | D:1      | Reached XP level 3. HP: 21/26 MP: 3/3
   702 | D:2      | Learned a level 1 spell: Apportation
   704 | D:2      | Learned a level 1 spell: Foxfire
   724 | D:2      | Noticed Natasha
   729 | D:2      | Killed Natasha
   757 | D:2      | Noticed Jessica
   763 | D:2      | Killed Jessica
   764 | D:2      | Reached skill level 1 in Conjurations
   764 | D:2      | Reached XP level 4. HP: 32/32 MP: 3/5
   807 | D:2      | Found a faded altar of an unknown god.
   822 | D:2      | Noticed Natasha
   832 | D:2      | Killed Natasha
   833 | D:2      | Reached skill level 1 in Spellcasting
   833 | D:2      | Reached skill level 1 in Fire Magic
  1037 | D:2      | Noticed Natasha
  1047 | D:2      | Killed Natasha
  1048 | D:2      | Gained mutation: You regenerate a little health from kills.
                  | [demonic ancestry]
  1048 | D:2      | Reached XP level 5. HP: 26/37 MP: 0/7
  1059 | D:2      | Noticed Terence
  1076 | D:2      | Killed Terence
  1623 | D:2      | Found a runed translucent door.
  1624 | D:2      | Noticed Crazy Yiuf
  1856 | D:2      | Learned a level 5 spell: Irradiate
  1949 | D:2      | Killed Crazy Yiuf
  1950 | D:2      | Reached skill level 2 in Spellcasting
  2081 | D:3      | Gained mutation: You have hoof-like feet. [demonic
                  | ancestry]
  2081 | D:3      | Reached XP level 6. HP: 28/43 MP: 9/9
  2258 | D:3      | You fall into a shaft and drop 2 floors!
  2258 | D:5      | Entered Level 5 of the Dungeon
  2569 | D:4      | Found Tuureunke's Book Shop.
  2859 | D:4      | Found a staircase to the Ecumenical Temple.
  2872 | D:4      | Reached skill level 3 in Spellcasting
  2882 | Temple   | Entered the Ecumenical Temple
  2907 | Temple   | Became a worshipper of Ashenzari the Shackled
  2956 | D:4      | Gained mutation: You are partially covered in thin metallic
                  | scales. (AC +2) [demonic ancestry]
  2956 | D:4      | Reached XP level 7. HP: 46/47 MP: 0/11
  3180 | D:4      | Found Vuddorawu's Antique Armour Shoppe.
  3190 | D:4      | Bought a runed cloak for 180 gold pieces
  3495 | D:5      | Reached skill level 5 in Maces & Flails
  3542 | D:5      | Noticed a yak
  3852 | D:5      | Reached XP level 8. HP: 54/54 MP: 12/12
  4434 | D:6      | Found a transporter.
  4639 | D:6      | Reached * piety under Ashenzari
  4747 | D:6      | Noticed Jeremiah
  4809 | D:7      | Reached XP level 9. HP: 49/59 MP: 4/13
  5003 | D:7      | Found an opulent altar of Gozag.
  5202 | D:7      | Reached ** piety under Ashenzari
  5242 | D:7      | Noticed Maurice
  5266 | D:7      | Killed Maurice
  5267 | D:7      | Reached skill level 10 in Maces & Flails
  5388 | D:7      | Reached skill level 1 in Alchemy
  5852 | D:8      | Noticed Maggie
  5925 | D:8      | Killed Maggie
  6318 | D:8      | Reached skill level 5 in Conjurations
  6369 | D:8      | Noticed Erica
  6381 | D:8      | Killed Erica
  6382 | D:8      | Gained mutation: You are mostly covered in thin metallic
                  | scales. (AC +3) [demonic ancestry]
  6382 | D:8      | Reached XP level 10. HP: 44/65 MP: 9/14
  6499 | D:8      | Found Xarisyit's Changing Room.
  6572 | D:8      | Reached skill level 5 in Alchemy
  6606 | D:8      | Noticed Psyche
  6627 | D:8      | Killed Psyche
  6745 | D:8      | Paralysed by a centaur for 4 turns
  6888 | D:9      | Found a staircase to the Orcish Mines.
  7304 | D:9      | Reached *** piety under Ashenzari
  7614 | D:9      | Noticed a two-headed ogre
  7619 | D:9      | Killed a two-headed ogre
  7620 | D:9      | Reached skill level 4 in Spellcasting
  7662 | D:9      | Found a staircase to the Lair.
  7700 | D:9      | Reached skill level 5 in Spellcasting
  7722 | D:9      | Found Abrif's Antique Weapon Shoppe.
  7794 | D:9      | Found a stormy altar of Qazlal.
  8020 | D:10     | Entered Level 10 of the Dungeon
  8022 | D:10     | Found Upteic's Specific Store.
  8029 | D:10     | Gained mutation: You are completely covered in thin
                  | metallic scales. (AC +4, rElec) [demonic ancestry]
  8029 | D:10     | Reached XP level 11. HP: 72/72 MP: 15/22
  8044 | D:10     | Found Recvirah's General Store.
  8094 | D:10     | Reached skill level 6 in Spellcasting
  8241 | D:10     | Reached skill level 7 in Spellcasting
  8335 | D:10     | Reached **** piety under Ashenzari
  8729 | D:11     | Noticed a two-headed ogre
  8734 | D:11     | Killed a two-headed ogre
  9189 | D:11     | Noticed a boulder beetle
  9203 | D:11     | Killed a boulder beetle
  9436 | Lair:1   | Entered Level 1 of the Lair of Beasts
  9515 | Lair:1   | Reached skill level 5 in Shields
  9519 | Lair:1   | Found a dark tunnel.
  9526 | Lair:1   | Learned a level 2 spell: Blink
  9529 | Volcano  | Entered a volcano
  9535 | Volcano  | Noticed a two-headed ogre
  9543 | Volcano  | Killed a two-headed ogre
  9544 | Volcano  | Reached skill level 1 in Dodging
  9550 | Volcano  | Noticed a two-headed ogre
  9561 | Volcano  | Noticed an ogre mage
  9562 | Volcano  | Found a bloodstained altar of Trog.
  9562 | Volcano  | Noticed a two-headed ogre
  9563 | Volcano  | Noticed a hell knight
  9563 | Volcano  | Noticed a two-headed ogre
  9568 | Volcano  | Noticed a two-headed ogre
  9577 | Volcano  | Killed an ogre mage
  9578 | Volcano  | Killed a two-headed ogre
  9581 | Volcano  | Killed a two-headed ogre
  9598 | Volcano  | Noticed a two-headed ogre
  9612 | Volcano  | Killed a two-headed ogre
  9654 | Volcano  | Killed a two-headed ogre
  9655 | Volcano  | Reached XP level 12. HP: 79/88 MP: 15/26
  9677 | Volcano  | Killed a two-headed ogre
 10139 | Lair:1   | Reached skill level 5 in Fighting
 10205 | Lair:1   | Noticed a four-headed hydra
 10210 | Lair:1   | Killed a four-headed hydra
 10211 | Lair:1   | Reached skill level 1 in Long Blades
 10241 | Lair:1   | Found a runed translucent door.
 10242 | Lair:1   | Noticed a tentacled starspawn
 10789 | Lair:2   | Noticed AceOff's ghost (journeyman FoFi)
 10815 | Lair:2   | Found a runed translucent door.
 10901 | Lair:2   | Noticed a catoblepas
 10920 | Lair:2   | Killed a catoblepas
 11048 | Lair:2   | Found a staircase to the Shoals.
 11264 | Lair:2   | Noticed an eight-headed hydra
 11268 | Lair:2   | Killed an eight-headed hydra
 11306 | Lair:2   | Reached XP level 13. HP: 106/106 MP: 23/27
 11321 | Lair:2   | Reached ***** piety under Ashenzari
 11553 | Lair:2   | Killed AceOff's ghost
 11600 | Lair:3   | Found a gate leading to a gauntlet.
 11623 | Gauntlet | Entered a Gauntlet
 11623 | Gauntlet | Found a large runed translucent door.
 11623 | Gauntlet | Found a large runed translucent door.
 11623 | Gauntlet | Found a large runed translucent door.
 11623 | Gauntlet | Found a large runed translucent door.
 11623 | Gauntlet | Found a large runed translucent door.
 11623 | Gauntlet | Found a large runed translucent door.
 11623 | Gauntlet | Found a runed translucent door.
 11623 | Gauntlet | Found a transporter.
 11623 | Gauntlet | Found a transporter.
 11623 | Gauntlet | Found a runed translucent door.
 11623 | Gauntlet | Found a large runed translucent door.
 11623 | Gauntlet | Found a large runed translucent door.
 11623 | Gauntlet | Found a large runed translucent door.
 11623 | Gauntlet | Found a large runed translucent door.
 11623 | Gauntlet | Found a large runed translucent door.
 11623 | Gauntlet | Found a large runed translucent door.
 11627 | Gauntlet | Found a transporter.
 11627 | Gauntlet | Found a transporter.
 11636 | Gauntlet | Found a transporter.
 11637 | Gauntlet | Identified the +1 pair of gloves "Bimi Ilo" {Rampage Will-
                  | Str+8}
 11655 | Gauntlet | Found a transporter.
 11655 | Gauntlet | Identified the -2 helmet of Magic {Rampage rElec Dex-3}
 11662 | Gauntlet | Found a transporter.
 11664 | Gauntlet | Identified the +9 rapier of Inflation {drain, rElec Stlth+}
 11665 | Gauntlet | Found a transporter.
 11668 | Gauntlet | Found a transporter.
 11696 | Gauntlet | Found a transporter.
 11703 | Gauntlet | Found a transporter.
 11716 | Gauntlet | Found a large runed translucent door.
 11717 | Gauntlet | Found a large runed translucent door.
 11719 | Gauntlet | Found a runed translucent gate.
 11720 | Gauntlet | Found a runed translucent gate.
 11721 | Gauntlet | Found a transporter.
 11721 | Gauntlet | Found a runed translucent gate.
 11731 | Gauntlet | Found a large runed translucent door.
 11732 | Gauntlet | Found a large runed translucent door.
 11759 | Gauntlet | Found a transporter.
 11781 | Gauntlet | Found a transporter.
 11793 | Gauntlet | Identified the +1 pair of gloves "Ozebob" {rElec rC+}
 11875 | Gauntlet | Found a transporter.
 11891 | Gauntlet | Found a transporter.
 12231 | Gauntlet | Identified a scroll of acquirement
 12231 | Gauntlet | Noticed a minotaur
 12238 | Gauntlet | Killed a minotaur
 12257 | Lair:3   | Acquired 875 gold pieces
 12331 | Lair:3   | Identified the +0 hand axe "Ultimatum" {heavy, rElec Will+
                  | Dex+3}
 12355 | Lair:3   | Reached skill level 10 in Fighting
 12500 | Lair:3   | Found a hole to the Spider Nest.
 12992 | Lair:4   | Iwannabefree: ??irradiate
 12992 | Lair:4   | beem: irradiate[1/2]: L5 Tm/Cj. Does 3d(40/3 + Power / 6)
                  | damage to all adjacent enemies and {malmutate}s them, at
                  | the cost of significant contam (zero to yellow in 3-4
                  | casts). Contamination from one cast is 1000+1d500.
 13150 | Lair:4   | Identified the +0 robe "Heiraf" {Str-5 Int+5 SInv Stlth+}
 13188 | Lair:4   | Reached ****** piety under Ashenzari
 13700 | Lair:4   | Identified the +6 rapier of Classification {vamp, rElec
                  | Int+6}
 13709 | Lair:4   | Found a viscous altar of Jiyva.
 13711 | Lair:4   | Found a staircase to the Slime Pits.
 13712 | Lair:4   | Iwannabefree: ??2h
 13712 | Lair:4   | beem: I don't have a page labeled 2h in my learndb. Did you
                  | mean: 2, 27, bh, ch, eh, gh, h, nh, sh, th, zh.
 13782 | Lair:5   | Entered Level 5 of the Lair of Beasts
 13980 | Lair:5   | Noticed Kirke
 14038 | Lair:5   | Killed Kirke
 14039 | Lair:5   | Gained mutation: You are robust. (+10% HP) [demonic
                  | ancestry]
 14039 | Lair:5   | Reached XP level 14. HP: 104/136 MP: 18/28
 14697 | Lair:5   | Reached skill level 15 in Fighting
 15269 | D:6      | Found a runed translucent gate.
 15270 | D:6      | Found a runed translucent gate.
 15270 | D:6      | Found a runed translucent gate.
 15285 | D:6      | Noticed flestrin's ghost (novice MiFi)
 15497 | D:6      | Killed Jeremiah
 15536 | D:6      | Found a transporter.
 15583 | D:6      | Killed flestrin's ghost
 15896 | D:12     | Reached skill level 5 in Armour
 16051 | D:12     | Reached skill level 5 in Dodging
 16279 | D:12     | Reached skill level 8 in Spellcasting
 16360 | Orc:1    | Entered Level 1 of the Orcish Mines
 16423 | Orc:1    | Found Kozyhan's Jewellery Shoppe.
 16424 | Orc:1    | Found Uwo Mada's Book Shop.
 16493 | Orc:1    | Found Parcho's Weapon Shop.
 16692 | Orc:1    | Found Pesiusen's General Store.
 16769 | Orc:2    | Entered Level 2 of the Orcish Mines
 17176 | Orc:2    | Found a staircase to the Elven Halls.
 17456 | Orc:2    | Gained mutation: You are very robust. (+20% HP) [demonic
                  | ancestry]
 17456 | Orc:2    | Reached XP level 15. HP: 120/163 MP: 18/29
 17663 | Orc:2    | Found Lizeesko's Book Emporium.
 17663 | Orc:2    | Found Liarhov's Antique Weapon Emporium.
 17664 | Orc:2    | Found Dusmylac's General Store.
 17664 | Orc:2    | Found Xuxtipra's Armour Emporium.
 18103 | Orc:2    | Bought Great Wizards, Vol. II for 608 gold pieces
 18112 | Orc:2    | Learned a level 6 spell: Eringya's Noxious Bog
 18256 | D:12     | Learned a level 5 spell: Borgnjor's Vile Clutch
 18569 | D:13     | Found a gate to the Vaults.
 18940 | D:14     | Reached skill level 1 in Necromancy
 18999 | D:14     | Reached skill level 1 in Earth Magic
 19160 | D:14     | Found Yntize's Antique Weapon Shop.
 19273 | D:14     | Reached skill level 9 in Spellcasting
 19499 | D:14     | Found a shimmering blue altar of Sif Muna.
 19548 | D:15     | Entered Level 15 of the Dungeon
 19772 | D:15     | Iwannabefree: ??bog
 19772 | D:15     | beem: bog[1/2]: You probably wanted {eringya's noxious
                  | bog}.
 19772 | D:15     | Iwannabefree: ??eringya noxious bog
 19772 | D:15     | beem: eringya noxious bog ~ Eringya's Noxious Bog[1/1]: L6
                  | Poison/Tmut. Creates {toxic bog} on all squares within
                  | range 4 that are not adjacent to {solid} terrain. The bogs
                  | have movement and attack penalties like {shallow water} and
                  | {rPois}-checking, partly resistable damage. Doesn't affect
                  | flyers.
 19772 | D:15     | Iwannabefree: ??eringya noxious bog[2
 19772 | D:15     | beem: I don't have a page labeled eringya's_noxious_bog[2]
                  | in my learndb.
 19795 | D:15     | Found a staircase to the Depths.
 20080 | D:15     | Found an iron altar of Okawaru.
 20399 | Spider:1 | Entered Level 1 of the Spider Nest
 20600 | Spider:1 | Noticed an emperor scorpion
 20618 | Spider:1 | Killed an emperor scorpion
 21547 | Spider:2 | Noticed an emperor scorpion
 21560 | Spider:2 | Killed an emperor scorpion
 21649 | Spider:2 | Reached skill level 5 in Necromancy
 21728 | Spider:1 | Learned a level 4 spell: Dispel Undead
 21801 | Spider:2 | Reached XP level 16. HP: 135/171 MP: 6/31
 22127 | Spider:2 | Reached skill level 5 in Earth Magic
 22261 | Spider:2 | Identified the ring "Zuifuicu" {Fly rPois rF+ SInv}
 22528 | Spider:3 | Found the +4 Cigotuvi's embrace {Corpsefed rMiasma ^Drain
                  | rN+}
 23281 | Spider:3 | Identified the +9 rapier of Joumaag {flame, rN+ MP+9}
 23592 | Shoals:1 | Entered Level 1 of the Shoals
 23776 | Lair:2   | Learned a level 2 spell: Lesser Beckoning
 23828 | Shoals:1 | Reached skill level 1 in Translocations
 23909 | Shoals:1 | Found a runed translucent door.
 23926 | Shoals:1 | Found a corrupted altar of Lugonu.
 23926 | Shoals:1 | Found a one-way gate to the infinite horrors of the Abyss.
 23926 | Shoals:1 | Identified the +1 long sword of Somewhere Else {heavy,
                  | Dex+3}
 24596 | Shoals:2 | Noticed Polyphemus
 24604 | Shoals:2 | Reached skill level 5 in Translocations
 24646 | Shoals:2 | Killed Polyphemus
 24669 | Shoals:2 | Gained mutation: You are mostly covered in sharp spines.
                  | [demonic ancestry]
 24669 | Shoals:2 | Reached XP level 17. HP: 138/183 MP: 9/33
 24834 | Shoals:2 | Found Disih's Armour Emporium.
 25067 | Shoals:3 | Noticed Ilsuiw
 25090 | Shoals:3 | Killed Ilsuiw
 25123 | Shoals:3 | Found Kafixezy's Jewellery Emporium.
 25241 | Shoals:3 | Noticed Donald
 25250 | Shoals:3 | Killed Donald
 25757 | Shoals:4 | Entered Level 4 of the Shoals
 25775 | Shoals:4 | Reached skill level 10 in Translocations
 26049 | Shoals:4 | Learned a level 4 spell: Manifold Assault
 26183 | Shoals:4 | Learned a level 5 spell: Yara's Violent Unravelling
 26238 | Shoals:4 | Reached skill level 1 in Hexes
 26287 | Shoals:4 | Noticed a sphinx
 26308 | Shoals:4 | Killed a sphinx
 26363 | Shoals:4 | Identified the serpent talisman "Utaxzix" {rCorr Str+3
                  | Int-3 Dex+7}
 26363 | Shoals:4 | Noticed Aizul
 26365 | Shoals:4 | Noticed a sphinx
 26444 | Shoals:4 | Killed a sphinx
 26450 | Shoals:4 | Killed Aizul
 26501 | Shoals:4 | Got a barnacled rune of Zot
 26736 | Orc:1    | Bought a Trismegistus Codex for 504 gold pieces
 26741 | Orc:1    | Learned a level 4 spell: Ignite Poison
 26944 | Spider:4 | Entered Level 4 of the Spider Nest
 27004 | Spider:4 | Reached skill level 10 in Armour
 27004 | Spider:4 | Gained mutation: You have hooves in place of feet. [demonic
                  | ancestry]
 27004 | Spider:4 | Reached XP level 18. HP: 192/192 MP: 18/35
 27153 | Spider:4 | Reached skill level 10 in Spellcasting
 27172 | Spider:4 | Reached skill level 10 in Dodging
 27723 | Spider:4 | Found the +2 hat of the Bear Spirit {Spirit, Bear, *Rage
                  | Will++}
 27795 | Spider:4 | Got a gossamer rune of Zot
 27856 | Spider:4 | Reached skill level 5 in Hexes
 28395 | Elf:1    | Entered Level 1 of the Elven Halls
 28484 | Elf:1    | Found a frozen archway.
 28530 | IceCv    | Entered an ice cave
 28610 | IceCv    | Found a transporter.
 28616 | IceCv    | Identified the staff "Sytain" {rPois rF- rC+ Conj Hexes}
 28620 | IceCv    | Identified Qejoaph's Tome of the Chill
 28622 | IceCv    | Found a transporter.
 29174 | Elf:2    | Reached skill level 11 in Spellcasting
 29321 | Elf:2    | Found Adunih's Antique Weapon Shop.
 29321 | Elf:2    | Found Zetobb's Antique Armour Boutique.
 29322 | Elf:2    | Found Kefrissueff's Assorted Antiques.
 29328 | Elf:2    | Found Ketzec's Magic Scroll Boutique.
 29340 | Elf:2    | Bought a scroll of teleportation for 54 gold pieces
 29340 | Elf:2    | Bought a scroll of enchant weapon for 135 gold pieces
 29347 | Elf:2    | Bought a scroll of blinking for 120 gold pieces
 29347 | Elf:2    | Bought a scroll of butterflies for 64 gold pieces
 29347 | Elf:2    | Bought a scroll of teleportation for 48 gold pieces
 29423 | Elf:2    | Bought a glowing scarf for 264 gold pieces
 29423 | Elf:2    | Bought an ancient buckler for 313 gold pieces
 29423 | Elf:2    | Identified the +0 buckler of the Nine Moons {rC+ rCorr}
                  | (You bought it in a shop on level 2 of the Elven Halls)
 29435 | Elf:2    | Bought a glowing great mace for 247 gold pieces
 29790 | Elf:2    | Found a large runed translucent door.
 29790 | Elf:2    | Found a large runed translucent door.
 29817 | Elf:2    | Found a large runed translucent door.
 29817 | Elf:2    | Found a large runed translucent door.
 30013 | Elf:3    | Entered Level 3 of the Elven Halls
 30211 | Elf:2    | Reached XP level 19. HP: 141/200 MP: 25/37
 30464 | Elf:2    | Identified the blade talisman of Starshine {rPois Will++
                  | rCorr Str-4}
 30868 | Elf:3    | Found a portal to a secret trove of treasure.
 31134 | Elf:3    | Identified the +5 chain mail "Keebb" {Int+3}
 31213 | Elf:3    | Identified the +8 shortbow of Heuguq {freeze, rPois rF+ rC+
                  | rN+}
 31213 | Elf:3    | Identified the +8 mace of the Land of Plenty {freeze, rF+
                  | Str+4 SInv}
 31532 | Elf:3    | Identified the +3 broad axe of Joisaath {speed, ^Drain
                  | rElec rPois Int+4}
 31560 | Elf:3    | HP: 30/171 [deep elf death mage/bolt of negative energy
                  | (37)]
 32163 | Elf:3    | Identified the Compilation of the Ghastly Dragon
 32198 | Elf:3    | Reached skill level 12 in Spellcasting
 32574 | Vaults:1 | Entered Level 1 of the Vaults
 32720 | Vaults:1 | Iwannabefree: ??cigotuvis embrace
 32720 | Vaults:1 | beem: cigotuvis embrace ~ Cigotuvi's Embrace[1/3]: Unrand
                  | +4 leather armour with rN, rMiasma, and (the exciting bit!)
                  | corpse harvesting: automatically turns nearby corpses into
                  | temporary AC via a slightly complicated formula.
 32720 | Vaults:1 | Iwannabefree: ??cigotuvis embrace[2
 32720 | Vaults:1 | beem: cigotuvis embrace ~ Cigotuvi's Embrace[2/3]: From
                  | 0.16 to 0.20, a L5 Necro spell that turned corpses into
                  | temporary AC/SH. Was very complicated and mostly just
                  | weaker than Animate Dead etc (esp because those spells were
                  | stronger back then!).
 32720 | Vaults:1 | Iwannabefree: ??cigotuvis embrace[3
 32720 | Vaults:1 | beem: cigotuvis embrace ~ Cigotuvi's Embrace[3/3]: !lg
                  | happylisk ac>400 -log
 33914 | Vaults:1 | Gained mutation: You are extremely robust. (+30% HP)
                  | [demonic ancestry]
 33914 | Vaults:1 | Reached XP level 20. HP: 204/230 MP: 28/39
 34403 | Vaults:2 | Paralysed by a formless jellyfish for 1 turns
 34527 | Vaults:2 | Found Mitir's Antique Weapon Emporium.
 34534 | Vaults:2 | Bought an ichor-stained dire flail for 396 gold pieces
 34534 | Vaults:2 | Identified the +5 dire flail of Plague {venom, rPois} (You
                  | bought it in a shop on level 2 of the Vaults)
 35124 | Vaults:3 | Iwannabefree: ??clarity
 35124 | Vaults:3 | beem: clarity[1/1]: Prevents confusion, unintentional
                  | berserking, sleep, mesmerization, and fear. Gods can and
                  | will ignore it and confuse you anyway. Xom confusion will
                  | respect clarity so long as Xom is not feeling nasty. The
                  | amulet of clarity was removed in 0.18.
 35977 | Vaults:3 | Identified the staff "Vomu" {rF+ rN+ Necro}
 35994 | Vaults:3 | Reached skill level 13 in Spellcasting
 36011 | Vaults:3 | Noticed Mara
 36014 | Vaults:3 | Noticed Iwannabefree's illusion
 36201 | Vaults:3 | Killed Mara
 36226 | Vaults:3 | Noticed Bai Suzhen
 36250 | Vaults:3 | Killed Bai Suzhen
 36386 | Vaults:3 | Noticed Sojobo
 36395 | Vaults:3 | Paralysed by an air elemental for 1 turns
 36803 | Vaults:3 | Found a runed translucent door.
 36803 | Vaults:3 | Noticed t4s4d4r's ghost (adept FoFi)
 36844 | Vaults:3 | Killed t4s4d4r's ghost
 36962 | Vaults:3 | Killed Sojobo
 37226 | Vaults:3 | Noticed a golden dragon
 37236 | Vaults:3 | Killed a golden dragon
 37498 | Vaults:3 | Found a staircase to the Crypt.
 37498 | Vaults:3 | Found an ancient bone altar of Kikubaaqudgha.
 37498 | Vaults:3 | Found a basalt altar of Yredelemnul.
 37689 | Vaults:4 | Identified the +4 shortbow of the Hidden Seers {drain,
                  | Int+4}
 37794 | Vaults:4 | Learned a level 3 spell: Passwall
 37842 | Vaults:4 | Reached XP level 21. HP: 245/245 MP: 24/42
 38001 | Vaults:4 | Identified the +5 plate armour of Exclusion {rCorr Int+3}
 38213 | Vaults:4 | Identified the ring of the Fool {+Blink rElec rPois rF+
                  | Str+2}
 38287 | Vaults:4 | Identified the ring of Tait {rElec rF- rN+ Str+2 Dex+6}
 38475 | Vaults:4 | Reached skill level 10 in Necromancy
 38585 | Vaults:4 | Identified the +0 arbalest of Gluttony {heavy, +Blink
                  | Dex+3}
 38733 | Crypt:1  | Entered Level 1 of the Crypt
 39494 | Crypt:1  | Found an ancient bone altar of Kikubaaqudgha.
 40264 | Crypt:2  | Noticed a royal mummy
 40346 | Crypt:2  | Noticed Khufu
 40353 | Crypt:2  | Noticed a royal mummy
 40360 | Crypt:1  | Killed a royal mummy
 40449 | Crypt:1  | Killed Khufu
 40581 | Crypt:1  | Killed a royal mummy
 40795 | Crypt:2  | Identified the +0 robe "Puimi" {Will++}
 40922 | Crypt:2  | Reached skill level 15 in Necromancy
 41119 | Crypt:3  | Entered Level 3 of the Crypt
 41120 | Crypt:3  | Iwannabefree: ??human
 41120 | Crypt:3  | beem: human[1/1]: The average race. Their strength,
                  | dexterity and intelligence bases are all 8. Their natural
                  | {willpower} is three times their character level, which is
                  | the species default. They start out with no racial
                  | "mutations". To learn their natural aptitudes, type !apt Hu
                  | in this channel. HP gain is normal, gains +1 random stat
                  | per four levels.
 41120 | Crypt:3  | Iwannabefree: ??human reasons
 41120 | Crypt:3  | beem: human reasons[1/2]: human reasons: you haven't won
                  | one yet
 41120 | Crypt:3  | Iwannabefree: ??human reasons[2
 41120 | Crypt:3  | beem: human reasons[2/2]: Awesome slots, apts, and can
                  | choose any style of play.
 41422 | Crypt:3  | Found an ancient bone altar of Kikubaaqudgha.
 41604 | Crypt:3  | Iwannabefree: ??greater mummt
 41604 | Crypt:3  | beem: greater mummt ~ greater mummy ~ royal mummy[1/2]:
                  | Like a mummy priest, but a lot worse. Has ridiculously
                  | large HP. To give you a general idea of their HP, it can
                  | take around six casts (at max power) of Dispel Undead to
                  | kill them.
 41604 | Crypt:3  | Iwannabefree: ??greater mummy
 41604 | Crypt:3  | beem: royal mummy[1/2]: Like a mummy priest, but a lot
                  | worse. Has ridiculously large HP. To give you a general
                  | idea of their HP, it can take around six casts (at max
                  | power) of Dispel Undead to kill them.
 41617 | Crypt:3  | Gained mutation: You regenerate health from kills. [demonic
                  | ancestry]
 41617 | Crypt:3  | Reached XP level 22. HP: 214/254 MP: 22/43
 41912 | Crypt:3  | Found a staircase to the Tomb.
 41938 | Crypt:3  | HP: 46/250 [skeletal warrior/+0 glaive (11)]
 42216 | Crypt:3  | Identified the ring "Cutt" {*Slow rElec rN+ Str+6}
 42216 | Crypt:3  | Identified the ring of the Filigreed Pear {rF- rC+ rN+
                  | Will++}
 42498 | Crypt:3  | Iwannabefree: ??spirit
 42498 | Crypt:3  | beem: guardian spirit[1/1]: While wearing this amulet or
                  | scarf, damage you take is divided proportionally between MP
                  | and HP. Reduces magic to 0 on wearing. Note that a Deep
                  | Dwarf wearing this does not regain MP naturally.
 42498 | Crypt:3  | Iwannabefree: ??deep dwarf
 42498 | Crypt:3  | beem: deep dwarf[1/5]: A species with {damage shaving} and
                  | great apts in armour, dodging, stealth, necromancy, and
                  | earth magic. They can only heal through an innate ability
                  | that costs max HP or by god powers, potions, vampiric
                  | weapons, and necromancy. They start with one level of
                  | passive mapping (and gain another level at xl 9 and xl 18),
                  | and gain rN+ at xl 14. Removed in 0.29.
 42746 | Depths:1 | Entered Level 1 of the Depths
 42751 | Depths:1 | Found a one-way gateway to a ziggurat.
 42825 | Depths:1 | Learned a level 8 spell: Infestation
 43025 | Depths:1 | Found a gateway to Hell.
 43063 | Depths:1 | Found Boejask's Jewellery Emporium.
 43064 | Depths:1 | Found Kecefo's Book Boutique.
 43066 | Depths:1 | Found Hasi's Jewellery Emporium.
 43078 | Depths:1 | Bought a Grand Grimoire for 680 gold pieces
 43078 | Depths:1 | Bought the Codex of Cadavers for 720 gold pieces
 43080 | Depths:1 | Bought the ring of Timei {rPois rF+ EV+5 Int+3 Dex+3} for
                  | 1269 gold pieces
 43111 | Depths:1 | Found a basalt altar of Yredelemnul.
 43129 | Depths:1 | Reached skill level 14 in Spellcasting
 43453 | Depths:1 | Found a burning altar of Makhleb.
 43688 | Depths:2 | Noticed Louise
 43702 | Depths:2 | Killed Louise
 43919 | Depths:2 | Reached skill level 15 in Spellcasting
 44140 | Depths:2 | Found a one-way gate leading to the halls of Pandemonium.
 44455 | Depths:3 | Identified the +10 eveningstar of Undoing {heavy, rCorr
                  | Int+2 Dex-2}
 44456 | Depths:3 | Noticed a juggernaut
 44478 | Depths:3 | Killed a juggernaut
 44680 | Depths:3 | Reached skill level 16 in Spellcasting
 44695 | Depths:3 | Noticed a golden dragon
 44703 | Depths:3 | Killed a golden dragon
 45312 | Depths:4 | Entered Level 4 of the Depths
 45383 | Depths:4 | Iwannabefree: ??heavy
 45383 | Depths:4 | beem: heavy[1/2]: Weapon brand that multiplies delay by 1.5
                  | and base damage by 1.8. Replaces vorpal in 0.30.
 45409 | Depths:4 | Reached XP level 23. HP: 264/270 MP: 44/49
 45507 | Depths:4 | Reached skill level 17 in Spellcasting
 45668 | Depths:4 | Noticed Xtahua
 45675 | Depths:4 | Killed Xtahua
 45818 | Depths:4 | Reached skill level 18 in Spellcasting
 45818 | Depths:4 | Identified the ring of the Teaching Gods {Ice rPois MP+9
                  | Dex-3 SInv}
 45818 | Depths:4 | Noticed Josephina
 46314 | Depths:4 | Killed Josephina
 46348 | Depths:4 | Reached skill level 19 in Spellcasting
 46500 | Depths:4 | Learned a level 7 spell: Malign Gateway
 46525 | Depths:4 | Found a gate to the Realm of Zot.
 46581 | Depths:4 | Reached skill level 1 in Summonings
 46999 | Orc:2    | Bought a manual of Shields for 1280 gold pieces
 47004 | Orc:2    | Learned a level 4 spell: Passage of Golubria
 47004 | Orc:2    | Bought a book of Misfortune for 544 gold pieces
 47015 | Orc:2    | Learned a level 7 spell: Enfeeble
 47844 | Depths:2 | Voluntarily entered the Abyss.
 48081 | Abyss:3  | Reached skill level 1 in Stealth
 48165 | Depths:2 | Escaped the Abyss
 48271 | Depths:2 | Voluntarily entered the Abyss.
 48311 | Abyss:3  | Found a corrupted altar of Lugonu.
 48317 | Abyss:3  | Got an abyssal rune of Zot
 48370 | Abyss:3  | Found a corrupted altar of Lugonu.
 48433 | Depths:2 | Escaped the Abyss
 48706 | Slime:1  | Entered Level 1 of the Pits of Slime
 48869 | Slime:5  | Entered Level 5 of the Pits of Slime
 49027 | Slime:5  | Found a viscous altar of Jiyva.
 49027 | Slime:5  | Noticed the Royal Jelly
 49031 | Slime:5  | Identified the +9 plate armour of the Black Moon {Slay+4}
 49031 | Slime:5  | Identified the +0 leather armour of Naissosh {Harm rC+ rN+
                  | Dex-3}
 49035 | Slime:5  | Gained mutation: You regenerate a lot of health from kills.
                  | [demonic ancestry]
 49035 | Slime:5  | Reached XP level 24. HP: 252/270 MP: 36/48
 49041 | Slime:5  | Reached skill level 5 in Summonings
 49049 | Slime:5  | Killed the Royal Jelly
 49226 | Slime:5  | Identified the Tome of Macabre Transmogrification
 49227 | Slime:5  | Identified the staff of Sloth {rPois rN+ Str+3 Int-2
                  | Alchemy}
 49274 | Slime:5  | Identified the Compendium of Reformation
 49278 | Slime:5  | Identified the +7 dagger "Ryrim" {heavy, ^Fragile Str+8
                  | Int+2 Dex+3}
 49341 | Slime:5  | Reached skill level 5 in Stealth
 49341 | Slime:5  | Identified Vehumet's Spellbook of Wounds
 49343 | Slime:5  | Identified the ring of Buod Haq {rF+ Will+++ Int-3}
 49381 | Slime:5  | Got a slimy rune of Zot
 49752 | Vaults:5 | Entered Level 5 of the Vaults
 49896 | Vaults:5 | Noticed an ancient lich
 49905 | Vaults:5 | Killed an ancient lich
 49954 | Vaults:5 | Reached skill level 10 in Shields
 50036 | Vaults:5 | Identified the ring of Eternal Harmony {^Drain rC+ MP+9
                  | Int-3 Dex+7}
 50111 | Vaults:5 | Identified the +9 orcbow of the Hidden Emperors {drain,
                  | +Blink rF+ rN+++ Str-4}
 50270 | Vaults:5 | Identified the Quarto of Ice and the Damned
 50405 | Vaults:5 | Identified the ring "Zeonlup" {rC+ Str+4}
 50504 | Vaults:5 | Noticed an ancient lich
 50508 | Vaults:5 | Killed an ancient lich
 51002 | Vaults:5 | Identified the amulet of Vuz Heru {Faith Harm}
 51067 | Vaults:5 | Got a silver rune of Zot
 51396 | D:10     | Bought a scroll of enchant armour for 112 gold pieces
 51396 | D:10     | Bought a potion of brilliance for 60 gold pieces
 51624 | Zot:1    | Entered Level 1 of the Realm of Zot
 51654 | Zot:1    | Found a shadowy altar of Dithmenos.
 51743 | Zot:1    | Reached XP level 25. HP: 213/271 MP: 21/49
 51874 | Zot:5    | Entered Level 5 of the Realm of Zot
 52053 | Zot:5    | Noticed a Killer Klown
 52076 | Zot:5    | Killed a Killer Klown
 52107 | Zot:5    | Noticed a Killer Klown
 52115 | Zot:5    | Killed a Killer Klown
 52146 | Zot:5    | Noticed an orb of fire
 52154 | Zot:5    | Gained mutation: Your body sometimes deteriorates upon
                  | taking damage. [an orb of fire]
 52170 | Zot:5    | Killed an orb of fire
 52190 | Zot:5    | Reached skill level 15 in Armour
 52193 | Zot:5    | Got a prismatic gem with 498 turns to spare
 52302 | Zot:5    | Noticed an ancient lich
 52307 | Zot:5    | Killed an ancient lich
 52354 | Zot:5    | Noticed a Killer Klown
 52357 | Zot:5    | Noticed an orb of fire
 52358 | Zot:5    | Gained mutation: You occasionally lose the ability to read
                  | scrolls when taking damage. [an orb of fire]
 52359 | Zot:5    | Noticed an orb of fire
 52369 | Zot:5    | Gained mutation: You are agile. (Dex +4, Str/Int -1) [an
                  | orb of fire]
 52378 | Zot:5    | Gained mutation: You sometimes lose the ability to read
                  | scrolls when taking damage. [an orb of fire]
 52383 | Zot:5    | Noticed an orb of fire
 52388 | Zot:5    | Killed an orb of fire
 52390 | Zot:5    | Noticed an orb of fire
 52394 | Zot:5    | Killed a Killer Klown
 52397 | Zot:5    | Lost mutation: You are agile. (Dex +4, Str/Int -1) [an orb
                  | of fire]
 52398 | Zot:5    | Gained mutation: Your body often deteriorates upon taking
                  | damage. [an orb of fire]
 52419 | Zot:5    | Gained mutation: You are weak. (Str -2) [an orb of fire]
 52420 | Zot:5    | Gained mutation: You are clumsy. (Dex -2) [an orb of fire]
 52432 | Zot:5    | Gained mutation: You are very clumsy. (Dex -4) [an orb of
                  | fire]
 52434 | Zot:5    | Gained mutation: You are vulnerable to cold. (rC-) [an orb
                  | of fire]
 52435 | Zot:5    | Gained mutation: Your health recovers twice as slowly from
                  | being drained. [an orb of fire]
 52436 | Zot:5    | Gained mutation: Armour fits poorly on your strangely
                  | shaped body. [an orb of fire]
 52440 | Zot:5    | Killed an orb of fire
 52449 | Zot:5    | HP: 54/280 [orb of fire/bolt of fire (18)]
 52457 | Zot:5    | HP: 47/280 [orb of fire/fireball (19)]
 52458 | Zot:5    | Killed an orb of fire
 52463 | Zot:5    | Lost mutation: Armour fits poorly on your strangely shaped
                  | body. [potion of mutation]
 52463 | Zot:5    | Lost mutation: Your health recovers twice as slowly from
                  | being drained. [potion of mutation]
 52463 | Zot:5    | Gained mutation: You are dopey. (Int -2) [potion of
                  | mutation]
 52463 | Zot:5    | Gained mutation: You have hidden genetic potential. [potion
                  | of mutation]
 52464 | Zot:5    | Lost mutation: You have hidden genetic potential. [potion
                  | of mutation]
 52464 | Zot:5    | Lost mutation: Your body often deteriorates upon taking
                  | damage. [potion of mutation]
 52464 | Zot:5    | Lost mutation: You are dopey. (Int -2) [potion of mutation]
 52464 | Zot:5    | Gained mutation: You are very weak. (Str -4) [potion of
                  | mutation]
 52464 | Zot:5    | Gained mutation: Your magical capacity is low. (-10% MP)
                  | [potion of mutation]
 52465 | Zot:5    | Lost mutation: You sometimes lose the ability to read
                  | scrolls when taking damage. [potion of mutation]
 52465 | Zot:5    | Lost mutation: You are very weak. (Str -4) [potion of
                  | mutation]
 52465 | Zot:5    | Lost mutation: You occasionally lose the ability to read
                  | scrolls when taking damage. [potion of mutation]
 52465 | Zot:5    | Lost mutation: You are weak. (Str -2) [potion of mutation]
 52465 | Zot:5    | Gained mutation: You have sharp fingernails. [potion of
                  | mutation]
 52466 | Zot:5    | Lost mutation: Your body sometimes deteriorates upon taking
                  | damage. [potion of mutation]
 52466 | Zot:5    | Lost mutation: Your magical capacity is low. (-10% MP)
                  | [potion of mutation]
 52466 | Zot:5    | Lost mutation: You have sharp fingernails. [potion of
                  | mutation]
 52467 | Zot:5    | Lost mutation: You are vulnerable to cold. (rC-) [potion of
                  | mutation]
 52467 | Zot:5    | Lost mutation: You are very clumsy. (Dex -4) [potion of
                  | mutation]
 52467 | Zot:5    | Lost mutation: You are clumsy. (Dex -2) [potion of
                  | mutation]
 52467 | Zot:5    | Gained mutation: Your spells are a little easier to cast,
                  | but a little less powerful. [potion of mutation]
 52467 | Zot:5    | Gained mutation: Your health recovers twice as slowly from
                  | being drained. [potion of mutation]
 52467 | Zot:5    | Gained mutation: You have hidden genetic potential. [potion
                  | of mutation]
 52467 | Zot:5    | Gained mutation: You expend magic power (3 MP) to
                  | strengthen your wands. [potion of mutation]
 52610 | Zot:5    | Got the Orb of Zot
 52648 | Zot:5    | Reached skill level 10 in Summonings
 52700 | Zot:5    | Gained mutation: You sometimes lose your temper in combat.
                  | [an orb of fire]
 52723 | Zot:4    | Lost mutation: You have hidden genetic potential. [potion
                  | of mutation]
 52723 | Zot:4    | Lost mutation: You sometimes lose your temper in combat.
                  | [potion of mutation]
 52723 | Zot:4    | Gained mutation: Your flesh is cold resistant. (rC+)
                  | [potion of mutation]
 52755 | Zot:2    | Noticed Vahuir the pandemonium lord
 53166 | D:$      | Escaped with the Orb!

Illustrated notes

Levels and vault maps discovered:
D:1:      nagdon_arrival_zigzag_paths, layout_basic
D:2:      minmay_chambers_of_twos, layout_basic, basic_ecumenical_altar,
          grunt_ministairs_7, uniq_terence, uniq_jessica,
          uniq_crazy_yiuf_cottage, uniq_natasha
D:3:      layout_basic, minmay_misc_feat_plants, minivault_27,
          minmay_lizard_king
D:4:      layout_basic, minmay_temple_entry_waves, serial_shops, shop, shop
D:5:      kennysheep_big_flooded_room, layout_loops_ring,
          minmay_misc_feat_more_columns, hangedman_minor_gate_pass
D:6:      gammafunk_cloud_chamber, layout_loops_ring, ebering_ghost_rock_garden,
          amcnicky_mini_corridor_feature, uniq_jeremiah
D:7:      layout_basic, nicolae_gozag_seed_capital, roderic_malta_cross,
          uniq_maurice
D:8:      layout_gridville, nicolae_transmutations_shop, feat_on_display,
          uniq_psyche, uniq_maggie, uniq_erica
D:9:      nicolae_cairo_tiling, layout_irregular_city,
          nicolae_qazlal_eye_of_the_storm, david_orc_2, serial_shops,
          nicolae_shop_real_fake_doors, minmay_strange_pillars
D:10:     layout_basic, nicolae_specific_store, pond
D:11:     layout_layer_cave
D:12:     layout_cave_pools, minmay_protected_statue
D:13:     layout_irregular_city, hellmonk_vaults_attempted_burglary,
          kennysheep_boxes
D:14:     layout_basic, serial_shops, shop_statue, hellmonk_sif_muna_bookshelves
D:15:     hangedman_depths_entry_civil_slaughter, layout_cave_pools,
          hellmonk_okawaru_the_only_friend_you_need, zin_angel
Temple:   nicolae_temple_slightly_damp_pantheon
Lair:1:   layout_roguey, nicolae_volcano_entry_two_sided,
          pdpol_lair_cabin_in_the_woods, infiniplex_staircase_pool_2
Lair:2:   layout_loops_ring, minmay_shoals_entry_hut,
          hellmonk_ghost_happy_afterlife
Lair:3:   layout_gridlike, hellmonk_spider_entry_life_and_decay,
          gauntlet_entry_generic
Lair:4:   layout_loops_ring, minmay_slime_entry_oklob_enclosed,
          beast_lair_carwin_7
Lair:5:   grunt_lair_end_beastmaster, layout_cave_pods, lemuel_fruit_tree,
          uniq_kirke
Shoals:1: layout_shoals, nicolae_shoals_abyss_on_the_beach
Shoals:2: layout_shoals, serial_shops, nicolae_lakefront_shop, uniq_polyphemus
Shoals:3: argonaut_golden_fleece, layout_shoals,
          minmay_shop_enchanted_jewellery, uniq_ilsuiw, uniq_donald
Shoals:4: shoals_end_hellmonk_lost_city, uniq_aizul
Spider:1: layout_chambers
Spider:2: layout_spider_delve, nicolae_spider_moth_buddies
Spider:3: layout_spider_delve, hangedman_spider_tarantella_strand
Spider:4: spider_rune_water, einodemon_crawler_minivault
Slime:1:  layout_caves, cheibrodos_slime_lost_civilization_6
Slime:2:  layout_caves, special_room [special_room_jelly],
          nicolae_slime_round_cave
Slime:3:  layout_caves, nicolae_slime_barrier
Slime:4:  layout_caves
Slime:5:  slime_pit_nicolae_trefoil
Orc:1:    layout_caves, serial_shops, nicolae_book_shop_shelving,
          nicolae_shop_tiny_real_fake_doors, nicolae_shop_trees, shop,
          basic_altar
Orc:2:    st_orc_pillars, layout_caves, nicolae_orc_tapped_out
Elf:1:    minmay_elf_arrival_summoners, layout_rooms,
          portal_ice_cave_entry_ice_statue_two, kennysheep_underground_church
Elf:2:    elven_hall_of_blades_hangedman_alternative
          [nicolae_blade_entry_splitting_headache], layout_loops_corners,
          minmay_shoptagon
Elf:3:    grunt_elf_hall_branching, layout_geoelf_grid,
          nicolae_trove_entry_diagonal, uniq_louise
Vaults:1: vaults_dpeg_cross, nicolae_vaults_tangram_1, nicolae_vaults_house_2,
          nicolae_vaults_storage_room_statues, v_pattern_4,
          nicolae_vaults_frosty_reception, nicolae_vaults_closet_pinwheel_1,
          nicolae_vaults_little_squares_3, layout_vaults_big_room
Vaults:2: nicolae_vaults_closet_pinwheel_5, nicolae_vaults_tangram_1,
          nicolae_vaults_triangles, nicolae_vaults_ninety_degrees,
          nicolae_vaults_tetromino_L_1, layout_vaults_omnigrid, serial_shops,
          shop
Vaults:3: gammafunk_ghost_grave, vaults_dpeg_spiral, vaults_room_semicircle,
          hangedman_vaults_corner, nicolae_vaults_storage_closets_3, st_star,
          nicolae_vaults_heist, nicolae_vaults_tetromino_T_2,
          ontoclasm_vaults_twist, ontoclasm_vaults_gateway, v_misc_11,
          minmay_crypt_entry_necro_gods, nicolae_vaults_back_hallway,
          hangedman_vaults_snaps, layout_vaults_ring, uniq_bai_suzhen,
          uniq_sojobo, uniq_mara
Vaults:4: nicolae_vaults_closet_pinwheel_4, v_misc_24,
          nicolae_vaults_double_plus_2, hangedman_vaults_pinch,
          nicolae_vaults_six-pack, nicolae_vaults_shipping_containers_6,
          nicolae_vaults_yaktaur_gun_rack,
          vaults_standard_mumra_enter_the_diamond, nicolae_vaults_tetromino_L_1,
          grunt_vaults_swirl, nicolae_vaults_trapezoid_4,
          nicolae_vaults_oval_intersection, v_alt_pattern_4,
          nicolae_vaults_tangram_2, vaults_room_hallway, layout_vaults_maze
Vaults:5: serial_shops
Crypt:1:  cheibrodos_crypt_eye_of_stone, layout_misc_corridors,
          lemuel_dead_fish_pool, roderic_lattice_octagonal_star
Crypt:2:  layout_catacombs, nicolae_crypt_knee_deep_in_the_dead, uniq_khufu
Crypt:3:  grunt_crypt_end_deaths_head
Depths:1: layout_small_grid, enter_ziggurat_d, hell_entry,
          yredelemnul_altar_generic, hangedman_decor_riveting,
          makhleb_altar_promises_db, minmay_shop_grove, grunt_megastairs_4
Depths:2: dreamdust_experimentation, layout_basic, rand_demon_pan_entry_5,
          serial_bayou_ford_a, nicolae_abyss_entry_one_way_or_another,
          hell_entry
Depths:3: minmay_roctagon, layout_cross, hellmouth_3, abyss_entry,
          nicolae_kite_square_tiling_tiny, minmay_staircase_windowed_small
Depths:4: grunt_runaround [grunt_runaround_doors_1, grunt_runaround_doors_2,
          grunt_runaround_doors_3, grunt_runaround_doors_4,
          grunt_runaround_zot], serial_shops, hell_entry, uniq_xtahua,
          uniq_josephina
Zot:1:    layout_gridville, gammafunk_ghost_split, basic_altar,
          grunt_megastairs_2
Zot:2:    layout_gridville, regret_index_zotdec_onion_hex, st_stairs_7,
          grunt_megastairs_1
Zot:3:    layout_twisted_circle, bh_zot_lava_cross
Zot:4:    layout_basic, regret_index_zotdec_silver_v_v_orig_slice
Zot:5:    layout_basic, lemuel_baited_zot_trap, st_stairs_10, grunt_ministairs_6

Skill      XL: |  1  2  3  4  5  6  7  8  9 10 11 12 13 14 15 16 17 18 19 20 21 22 23 24 25 |
---------------+----------------------------------------------------------------------------+-----
Maces & Flails | 1 2 3 4 6 9 10 11 12 | 12.7
Conjurations   | 1 2 3 5 7 |  7.8
Spellcasting   | 1 2 3 5 7 8 9 11 12 13 16 19 | 19.1
Fire Magic     | 1 |  1.7
Alchemy        | 4 7 8 |  8.7
Shields        | 5 7 12 13 | 13.8
Armour         | 3 4 6 8 9 10 11 12 13 16 | 16.6
Dodging        | 3 4 5 7 9 11 12 13 | 13.6
Fighting       | 3 8 13 15 16 17 18 | 18.3
Long Blades    | 1 |  1.2
Necromancy     | 5 7 8 16 17 | 17.8
Earth Magic    | 4 6 |  6.3
Translocations | 6 11 13 14 | 14.1
Hexes          | 3 5 |  5.5
Summonings     | 4 8 10 | 10.1
Stealth        | 3 8 |  8.2
Evocations     | |  3.0

Action                     |  1- 3 |  4- 6 |  7- 9 | 10-12 | 13-15 | 16-18 | 19-21 | 22-24 | 25-27 || total
---------------------------+-------+-------+-------+-------+-------+-------+-------+-------+-------++-------
  Melee: Club              |    85 |    66 |       |       |       |       |       |       |       ||   151
         Punch             |     1 |     2 |     3 |     4 |       |       |       |       |       ||    10
         Kick              |     3 |    40 |    55 |    89 |       |   126 |   850 |   788 |   156 ||  2107
         Flail             |       |    69 |   189 |   472 |     2 |       |       |       |       ||   732
         Great mace        |       |       |       |       |   961 |   895 |       |       |       ||  1856
         Demon whip        |       |       |       |       |       |    29 |  1684 |   970 |   311 ||  2994
         Eveningstar       |       |       |       |       |       |       |       |   464 |       ||   464
  Throw: Throwing net      |       |       |       |       |       |       |       |     1 |       ||     1
   Cast: Foxfire           |       |    35 |   115 |     3 |       |     2 |       |       |       ||   155
         Irradiate         |       |       |       |    28 |    69 |    53 |    61 |    57 |    11 ||   279
         Eringya's Noxious |       |       |       |       |    16 |    55 |    25 |    15 |     9 ||   120
         Borgnjor's Vile C |       |       |       |       |     1 |    22 |    14 |     4 |       ||    41
         Lesser Beckoning  |       |       |       |       |       |    12 |    35 |    10 |     4 ||    61
         Dispel Undead     |       |       |       |       |       |     6 |    86 |    62 |    10 ||   164
         Ignite Poison     |       |       |       |       |       |    11 |     8 |    11 |     7 ||    37
         Yara's Violent Un |       |       |       |       |       |     4 |     6 |     4 |       ||    14
         Manifold Assault  |       |       |       |       |       |     5 |     1 |     6 |       ||    12
         Blink             |       |       |       |       |       |     1 |     3 |     1 |       ||     5
         Infestation       |       |       |       |       |       |       |       |    19 |     5 ||    24
         Passwall          |       |       |       |       |       |       |       |       |     5 ||     5
         Malign Gateway    |       |       |       |       |       |       |       |       |     1 ||     1
 Invoke: Curse Item        |       |       |     4 |     4 |     4 |     1 |     4 |     7 |       ||    24
         Shatter the Chain |       |       |       |     1 |     2 |     2 |     3 |     6 |       ||    14
  Evoke: Wand              |     4 |     5 |    16 |    24 |     3 |     2 |     4 |     4 |     3 ||    65
         Tin of tremorston |       |       |       |       |     2 |     1 |     2 |     2 |       ||     7
         Lightning rod     |       |       |       |       |       |       |     1 |     4 |       ||     5
         Phial of floods   |       |       |       |       |       |       |     1 |       |       ||     1
    Use: Potion            |       |     1 |       |     1 |       |     2 |     4 |     4 |    23 ||    35
         Scroll            |       |       |    10 |     1 |     9 |     5 |    13 |    22 |     5 ||    65
   Stab: Sleeping          |     1 |     5 |     1 |     2 |    10 |     1 |     6 |     5 |     3 ||    34
         Paralysed         |       |       |     7 |     6 |       |       |       |       |       ||    13
         Invisible         |       |       |       |     3 |       |       |       |       |       ||     3
         Distracted        |       |       |       |     1 |       |     2 |       |     5 |     3 ||    11
         Petrified         |       |       |       |       |     1 |       |       |       |       ||     1
         Held in net/web   |       |       |       |       |       |       |       |     1 |       ||     1
 Armour: Leather armour    |    45 |    86 |    99 |       |       |       |   728 |   521 |       ||  1479
         Acid dragon scale |       |       |    19 |   268 |   848 |  1024 |   183 |       |       ||  2342
         Fire dragon scale |       |       |       |       |       |       |       |   348 |   171 ||   519
  Dodge: Dodged            |    41 |    74 |    85 |   217 |   769 |   944 |   853 |  1087 |   103 ||  4173
  Block: Other             |       |       |    35 |    11 |       |       |       |       |       ||    46
         Reflection        |       |       |     2 |       |       |       |       |       |       ||     2
         Buckler           |       |       |       |    74 |     1 |     5 |   277 |   224 |       ||   581
         Kite shield       |       |       |       |       |       |       |       |   401 |   135 ||   536

Table legend: (Time is in decaauts)
 A = Elapsed time spent in this place.
 B = Non-inter-level travel time spent in this place.
 C = Inter-level travel time spent in this place.
 D = Time resting spent in this place.
 E = Time spent auto-exploring this place.
 F = Levels seen in this place.
 G = Mean time per level.
                   A        B        C        D        E       F      G
               +--------+--------+--------+--------+--------+-----+--------+
         Total |  51798 |  44233 |   7565 |   5068 |  24189 |  63 |  822.2 |
       Dungeon |  14836 |  11888 |   2948 |   1324 |   7595 |  15 |  989.1 |
        Temple |     44 |      5 |     39 |      0 |      0 |   1 |   44.0 |
          Lair |   5552 |   4589 |    963 |    243 |   3148 |   5 | 1110.4 |
        Shoals |   2858 |   2694 |    164 |    398 |   1331 |   4 |  714.5 |
   Spider Nest |   4837 |   4125 |    712 |    626 |   2179 |   4 | 1209.2 |
    Slime Pits |    702 |    702 |      0 |     54 |      0 |   5 |  140.4 |
  Orcish Mines |   1940 |   1388 |    552 |     28 |    900 |   2 |  970.0 |
   Elven Halls |   3750 |   3442 |    308 |    640 |   1640 |   3 | 1250.0 |
        Vaults |   6594 |   5653 |    941 |    392 |   3447 |   5 | 1318.8 |
         Crypt |   3746 |   3354 |    392 |    818 |   1435 |   3 | 1248.7 |
        Depths |   4486 |   3944 |    542 |    453 |   2097 |   4 | 1121.5 |
           Zot |    982 |    982 |      0 |      0 |      0 |   5 |  196.4 |
         Abyss |    501 |    501 |      0 |      0 |    142 |   4 |  125.2 |
      Ice Cave |    138 |    138 |      0 |     59 |      0 |   1 |  138.0 |
       Volcano |    199 |    199 |      0 |      0 |      0 |   1 |  199.0 |
      Gauntlet |    626 |    626 |      0 |     33 |    272 |   1 |  626.0 |
               +--------+--------+--------+--------+--------+-----+--------+

Top non-repeatable levels by time:
Vaults:3: 1911 daAuts
 Crypt:1: 1592 daAuts
   Elf:2: 1566 daAuts
Depths:4: 1551 daAuts
   Elf:3: 1524 daAuts
     D:9: 1521 daAuts
Vaults:2: 1455 daAuts
 Crypt:3: 1394 daAuts
     D:2: 1350 daAuts
Vaults:5: 1316 daAuts
Spider:3: 1316 daAuts
   Orc:2: 1310 daAuts
Spider:1: 1304 daAuts
Spider:4: 1224 daAuts
  Lair:2: 1192 daAuts
